 Dungeon Crawl Stone Soup version 0.17-a0-1562-g9b2c768 (webtiles) character file.

46 George the Slasher (level 3, -1/27 HPs)
             Began as a Demonspawn Gladiator on July 20, 2015.
             Slain by a goblin (3 damage)
             ... led by Robin
             ... on level 2 of the Dungeon.
             The game lasted 00:02:35 (1493 turns).

George the Slasher (Demonspawn Gladiator)           Turns: 1493, Time: 00:02:35

Health: -1/27      AC:  5    Str: 16    XL:     3   Next: 46%
Magic:  3/3        EV: 12    Int:  9    God:
Gold:   77         SH:  0    Dex: 13    Spells: 0 memorised, 2 levels left

rFire  . . .     SeeInvis .     a - +0 long sword
rCold  . . .     Clarity  .     b - +0 leather armour
rNeg   . . .     SustAt   .     (no shield)
rPois  .         Gourm    .     c - +0 helmet
rElec  .         Spirit   .     (no cloak)
rCorr  .         Warding  .     k - +0 pair of gloves
rMut   .         Stasis   .     (no boots)
MR     .....                    (no amulet)
Stlth  +.........               (no ring)
                                g - +1 ring of slaying

@: not resistant to hostile enchantments, very unstealthy
A: claws 1, rot immunity
a: no special abilities


You were on level 2 of the Dungeon.
You were not hungry.

You visited 1 branch of the dungeon, and saw 2 of its levels.

You collected 77 gold pieces.

Inventory:

Hand weapons
 a - a +0 long sword (weapon)
Missiles
 d - 2 throwing nets (quivered)
Armour
 b - a +0 leather armour (worn)
 c - a +0 helmet (worn)
 k - a +0 pair of gloves (worn)
Jewellery
 g - a +1 ring of slaying (left hand)
Scrolls
 f - a scroll of recharging {unknown}
 h - a scroll of enchant weapon {unknown}
 i - 4 scrolls of teleportation {unknown}
 l - a scroll of random uselessness {unknown}
 n - a scroll of noise {unknown}
Potions
 o - a potion of cure mutation {unknown}
 p - a potion of brilliance {unknown}
Comestibles
 e - a bread ration
 j - a royal jelly
 m - a meat ration
 q - 2 fruits


   Skills:
 - Level 2.0 Fighting
 + Level 4.1 Long Blades
 - Level 1.7 Throwing
 - Level 2.6 Dodging


You had 2 spell levels left.
You didn't know any spells.

Dungeon Overview and Level Annotations

Branches:
Dungeon (2/15)

Altars:
Makhleb

Annotations:
D:2 Robin


Innate Abilities, Weirdness & Mutations

You have sharp fingernails.
You are immune to rotting.


Message History

* * * LOW HITPOINT WARNING * * *
Throwing (i - inventory):
d - 3 throwing nets (quivered)
Press: ? - help, Shift-Dir - straight line, f - Robin
Aim: Robin, wielding a mace, wearing an animal skin and wearing a helmet You throw a throwing net.
The throwing net hits Robin.
Robin is caught in the net!
The goblin hits you but does no damage.
Robin says, "We wiped out the hill dwarves - you're next!"
Robin struggles against the net.
You hit Robin.
Robin is moderately wounded.
The goblin hits you.
* * * LOW HITPOINT WARNING * * *
Robin struggles against the net.
The goblin hits you but does no damage.
You slash Robin!
Robin is almost dead.
The goblin closely misses you.
You hit Robin but do no damage.
Robin is almost dead.
Robin struggles against the net.
The goblin hits you.
You die...

......................g.
......................gg
.........#####..........
.........##.............
......)..##.............
........................
.............g........#
........≈≈≈≈≈g≈≈≈§§...#
........≈####@####§...#
........##§≈≈g≈≈§##...#
........#⌠≈.....≈⌠#.....
........##≈.._..≈## ....
..#...##⌠≈.....≈⌠# ...
#.. ##≈§≈§≈≈≈## ...
###⌠#⌠### ## ##


You could see Robin (caught) and 2 goblins.

Vanquished Creatures
  An adder (D:2)
  3 bats
  A giant cockroach (D:2)
  4 hobgoblins
  2 jackals (D:2)
  2 giant newts (D:2)
  17 goblins
  3 kobolds
  3 rats
36 creatures vanquished.

Notes
Turn   | Place    | Note
--------------------------------------------------------------
     0 | D:1      | George the Demonspawn Gladiator began the quest for the Orb.
     0 | D:1      | Reached XP level 1. HP: 16/16 MP: 1/1
    68 | D:1      | Reached skill level 3 in Long Blades
   338 | D:1      | Gained mutation: You are immune to rotting. [demonic ancestry]
   338 | D:1      | Reached XP level 2. HP: 13/22 MP: 2/2
  1169 | D:2      | Gained mutation: You have sharp fingernails. [demonic ancestry]
  1169 | D:2      | Reached XP level 3. HP: 23/27 MP: 3/3
  1433 | D:2      | Found a burning altar of Makhleb.
  1451 | D:2      | Noticed Robin
  1468 | D:2      | Reached skill level 4 in Long Blades
  1493 | D:2      | Slain by a goblin

Vault maps used:
D:1:      denvon_arrival_hothouse, dk_noncrumbling_2
D:2:      lightli_temple_of_fire, lemuel_doored_altar, old_standard_altar,
          glass_columns_b, uniq_robin

Action                   || total
-------------------------++-------
Melee: Long sword        ||   133
Throw: Throwing net      ||     1
  Eat: Chunk             ||     2
